 Dungeon Crawl Stone Soup version 0.28-a0-1147-gc7b72d3202 (webtiles) character file.

Game seed: 10871916200299818983

130685 ChaosChampion the Eclecticist (level 16, -3/76 HPs)
             Began as a Deep Elf Conjurer on Dec 14, 2021.
             Was a High Priest of Vehumet.
             Slain by a ghost moth (5 damage)
             ... while paralysed
             ... on level 4 of the Spider Nest.
             The game lasted 01:46:27 (36198 turns).

ChaosChampion the Eclecticist (Deep Elf Conjurer)  Turns: 36198, Time: 01:46:28

Health: -3/76      AC:  8    Str:  0 (2)  XL:     16   Next: 53%
Magic:  0/60       EV:  2    Int: 39      God:    Vehumet [*****.]
Gold:   2518       SH:  0    Dex: 13      Spells: 5/53 levels left

rFire   . . .      SeeInvis .   D - +9 trident of Doom {vorpal, Contam rC+ rN+}
rCold   + + .      Faith    .   K - +3 warlock's mirror {reflect}
rNeg    + . .      Spirit   .   (no armour)
rPois   +          Reflect  +   E - +3 hat of Pondering {ponderous, Will+ MP+10 Int+5}
rElec   .          Harm     .   m - +1 cloak
rCorr   .          Rampage  .   (no gloves)
Will    ++...                   O - +0 pair of boots
Stlth   ++........              B - amulet of reflection
HPRegen 0.00/turn               e - ring of poison resistance
MPRegen 0.37/turn               M - ring of magical power

@: paralysed, inhibited regen, slowed, lost strength, studying Translocations,
slow
A: iridescent scales 1, clever 1, cold resistance 1, weak 1
a: Renounce Religion


You were on level 4 of the Spider Nest.
You worshipped Vehumet.
Vehumet was extremely pleased with you.
You visited 4 branches of the dungeon, and saw 25 of its levels.
You also visited: Volcano.

You collected 2518 gold pieces.

Inventory:

Hand Weapons
 D - the +9 trident of Doom (weapon) {vorpal, Contam rC+ rN+}
   (You found it on level 9 of the Dungeon)

   It inflicts extra damage upon your enemies.
   rC:        It protects you from cold.
   rN:        It protects you from negative energy.
   Contam:    It causes magical contamination when unequipped.
Armour
 b - a +2 robe of willpower
 k - a +2 kite shield
 m - a +1 cloak (worn)
 E - the +3 hat of Pondering (worn) {ponderous, Will+ MP+10 Int+5}
   (You took it off Gastronok on level 9 of the Dungeon)

   Int:       It affects your intelligence (+5).
   MP:        It affects your magic capacity (+10).
   Will:      It increases your willpower.
 K - the +3 warlock's mirror (worn) {reflect}
   (You acquired it on level 12 of the Dungeon)

   It can block and reflect piercing ranged attacks and magical attacks against
   the wielder's willpower.
 O - a +0 pair of boots (worn)
 R - a +2 scale mail of fire resistance
 S - +2 storm dragon scales {Bai Suzhen}
Jewellery
 e - a ring of poison resistance (left hand)
 j - a ring of ice
 v - a ring of fire
 w - an amulet of guardian spirit
 y - a ring of resist corrosion
 B - an amulet of reflection (around neck)
 F - a +6 ring of strength
 H - a ring of see invisible
 J - a ring of protection from cold
 L - the ring "Mysmesko" {Fire Int+5}
   (You found it on level 12 of the Dungeon)

   [ring of fire]

   It enhances your fire magic.
   Int:       It affects your intelligence (+5).
   rF:        It protects you from fire.
   rC:        It makes you vulnerable to cold.
 M - a ring of magical power (right hand)
 V - a ring of protection from fire
 Z - a ring of positive energy
Wands
 c - a wand of flame (21)
 p - a wand of charming (5)
 C - a wand of mindburst (9)
 I - a wand of iceblast (4)
 N - a wand of polymorph (6)
Scrolls
 d - 4 scrolls of identify
 g - 4 scrolls of blinking
 l - 4 scrolls of fog
 o - 6 scrolls of teleportation
 q - 4 scrolls of summoning
 r - 2 scrolls of immolation
 t - 5 scrolls of enchant weapon
 x - a scroll of silence
 z - a scroll of fear
 A - a scroll of enchant armour
 W - 3 scrolls of brand weapon
 X - a scroll of magic mapping
Potions
 a - 11 potions of ambrosia
 f - 2 potions of might
 h - 2 potions of mutation
 i - 4 potions of brilliance
 n - 3 potions of flight
 s - a potion of lignification
 u - a potion of cancellation
 G - 2 potions of curing
 P - a potion of invisibility {unknown}
 Q - 5 potions of haste
 U - 2 potions of resistance


   Skills:
 - Level 2.6 Dodging
 - Level 2.7 Stealth
 - Level 8.0 Shields
 + Level 19.3 Spellcasting
 + Level 16.3 Conjurations
 - Level 8.0 Hexes
 - Level 6.0 Summonings
 - Level 14.0 Translocations
 - Level 6.0 Air Magic
 + Level 15.7 Earth Magic


You had 5 spell levels left.
You knew the following spells:

 Your Spells              Type           Power      Damage    Failure   Level
a - Magic Dart            Conj           100%       1d8       0%          1
b - Iron Shot             Conj/Erth      52%        9d10      1%          6
c - Lightning Bolt        Conj/Air       45%        1d65      1%          5
d - Iskenderun's Mystic   Conj/Tloc      100%       2d19      0%          4
e - Tukima's Dance        Hex            79%        N/A       1%          3
f - Iskenderun's Battles  Conj           100%       2d15      1%          5
g - Slow                  Hex            100%       N/A       1%          1
h - Lehudib's Crystal Sp  Conj/Erth      52%        10d12     1%          8
i - Spellforged Servitor  Conj/Summ      45%        N/A       1%          7
j - Conjure Ball Lightni  Conj/Air       45%        3x3d16    1%          6
z - Blink                 Tloc           100%       N/A       0%          2

Your spell library contained the following spells:

 Spells                   Type           Power      Damage    Failure   Level
 Freezing Cloud           Conj/Ice/Air   38%        6-21      1%          5
 Shock                    Conj/Air       100%       1d9       0%          1
 Searing Ray              Conj           100%       2d8       0%          2
 Dazzling Flash           Conj/Hex       100%       N/A       0%          3
 Gell's Gravitas          Tloc           98%        N/A       0%          3
 Lesser Beckoning         Tloc           98%        N/A       0%          3
 Stone Arrow              Conj/Erth      100%       3d13      0%          3
 Teleport Other           Tloc           98%        N/A       0%          3
 Corpse Rot               Necr/Air       100%       N/A       1%          2
 Confusing Touch          Hex            79%        N/A       1%          3
 Frozen Ramparts          Ice            74%        1d9       1%          3
 Portal Projectile        Hex/Tloc       100%       N/A       1%          3
 Swiftness                Air            71%        N/A       1%          3
 Airstrike                Air            35%        N/A       1%          4
 Animate Armour           Summ/Erth      100%       N/A       1%          4
 Flame Wave               Conj/Fire      79%        2d11      1%          4
 Fulminant Prism          Conj/Hex       46%        3d21      1%          4
 Passage of Golubria      Tloc           98%        N/A       1%          4
 Borgnjor's Vile Clutch   Necr/Erth      39%        N/A       1%          5
 Manifold Assault         Tloc           98%        N/A       1%          5
 Yara's Violent Unravell  Hex/Tmut       31%        3d13      1%          5
 Vampiric Draining        Necr           37%        2d8       2%          3
 Summon Ice Beast         Ice/Summ       57%        N/A       2%          4
 Ice Form                 Ice/Tmut       37%        N/A       8%          4
 Alistair's Intoxication  Tmut/Pois      24%        N/A       21%         5
 Blade Hands              Tmut           18%        N/A       21%         5
 Excruciating Wounds      Necr           18%        N/A       21%         5
 Starburst                Conj/Fire      39%        6d11      1%          6
 Eringya's Noxious Bog    Tmut/Pois      18%        N/A       28%         6
 Storm Form               Tmut/Air       28%        N/A       88%         7
 Borgnjor's Revivificati  Necr           18%        N/A       100%        8


Dungeon Overview and Level Annotations

Branches:
Dungeon (13/15)            Temple (0/1) D:4            Lair (6/6) D:9
  Swamp (0/4) Lair:4       Spider (4/4) Lair:4        Slime (0/5) Lair:6
    Orc (2/2) D:12            Elf (0/3) Orc:2       Volcano (visited)
 Vaults: D:13-14

Altars:
Ashenzari
Vehumet
Yredelemnul
Beogh
Jiyva

Shops:
D:1 [   D:2 [   D:7 *   Orc:2 **(*

Annotations:
D:5 2 transporters, exclusion: downstairs, ChaosChampion's ghost, novice DECj


Innate Abilities, Weirdness & Mutations

You are partially covered in iridescent scales. (AC +2)
Your mind is acute. (Int +2)
Your flesh is cold resistant. (rC+)
You are weak. (Str -2)


Message History

You assume a fearsome visage.
You feel you are being watched by something.
You feel you are being watched by something.
You feel you are being watched by something.
You feel your power leaking away. Something hits you!
Deactivating autopickup; reactivate with Ctrl-A.
Something barely misses you. Something stings you. Something hits you.
You feel weakened. Something hits you but does no damage.
Something stings you but does no damage.
You feel you are being watched by something.
You feel your power leaking away.
You feel you are being watched by something.
You feel your power leaking away.
You feel you are being watched by something.
You feel you are being watched by something.
Something hits you! Something hits you. You block something's attack.
As you read the scroll of summoning, it crumbles to dust.
Wisps of shadow whirl around you... You block something's attack.
Something hits you.
You feel weakened.
You have lost your strength.
Something stings you.
You feel you are being watched by something.
You feel your power leaking away. Something hits you but does no damage.
Something hits you!
* * * LOW HITPOINT WARNING * * *
Something stings you.
* * * LOW HITPOINT WARNING * * *
Your demonic crawler barely misses something.
Your demonic crawler hits something. x2
You feel you are being watched by something.
You feel your power leaking away. Something hits you.
* * * LOW HITPOINT WARNING * * *
Something hits you.
* * * LOW HITPOINT WARNING * * *
Something stings you.
You die...

..##.##^.#.^.#.......#####^.^.#..
.....^..##...#..............###^.
.^.....##^...####.........^## ##.
.......###....# ##.........### ##
#.#...^.#....## ##..........##^.
####...^#.....######.............
##...#.....s#.####^..........^
###....^<..sssy#^#............
#...........s@..^.............
##........s##s#s..^.^.......^.
##.........######..#..........
#........### #...............
#....^(^.# #.......^.......
###^..#### ####............
##.....# #............... #.....#
####............[..
#.#######.........^........


You could see 2 friendly demonic crawlers, a friendly moth of wrath (summoned),
a friendly orb spider (summoned), 3 friendly tarantellas and 2 friendly
redbacks.

Vanquished Creatures
  Bai Suzhen (Spider:4)
  Gastronok (D:9)
  Donald (Orc:2)
  The ghost of crabbyslav the Warrior, a journeyman OgCA of Ignis (D:12)
  3 emperor scorpions
  Nessos (Orc:2)
  An entropy weaver (Spider:4)
  2 spark wasps (Spider:4)
  4 nameless horrors
  Josephine (Lair:4)
  The ghost of
  1994 the Black Sun, a journeyman TeNe of Kikubaaqudgha (D:11)
  2 boulder beetles (D:12)
  A hydra (Lair:6)
  Erolcha (D:11)
  Erica (D:11)
  5 two-headed ogres
  The ghost of Behiugoeme the Thaumaturge, a journeyman DECj of Kikubaaqudgha (Lair:3)
  A tengu warrior (D:10)
  2 orc high priests
  Urug (Orc:2)
  Nergalle (Lair:1)
  A skeletal warrior (D:12)
  The ghost of Dwachs the Slasher, a novice FoFi of Okawaru (D:9)
  13 orb spiders
  A lindwurm (Lair:6)
  4 orc sorcerers (Orc:2)
  An orc knight (Orc:2)
  An oklob plant (Lair:4)
  20 wolf spiders
  4 cyclopes
  A manticore (D:11)
  An ugly thing (D:11)
  6 elephants (Lair:3)
  3 black mambas
  3 gargoyles
  16 cane toads
  A yaktaur (D:12)
  7 demonic crawlers
  2 kobold demonologists
  An efreet (D:10)
  12 komodo dragons
  A komodo dragon (shapeshifter) (D:13)
  2 queen bees
  A polar bear (shapeshifter) (D:10)
  2 trolls
  2 polar bears (Lair:6)
  A wind drake (shapeshifter) (D:12)
  9 hornets
  18 jumping spiders
  3 dream sheep (Lair:6)
  2 meliai zombies
  9 blink frogs
  2 vampires (D:10)
  A shadow (D:9)
  41 redbacks
  A wraith (Lair:4)
  Eustachio (D:5)
  22 tarantellas
  6 wyverns
  35 yaks
  3 fire bats (Volcano)
  2 hogs (Lair:4)
  2 basilisks
  3 steam dragons
  A warg (Orc:2)
  5 hell hounds
  19 water moccasins
  16 orc warriors
  4 ice beasts
  2 black bears
  4 centaurs
  4 ogres
  22 wolves
  A phantom (D:6)
  16 bullfrogs
  3 kobold brigands
  A scorpion (Lair:1)
  A water moccasin zombie (D:5)
  2 wyvern skeletons
  A water moccasin skeleton (D:4)
  34 killer bees
  2 howler monkeys
  15 wights
  3 lava snakes (Lair:6)
  A bullfrog zombie (D:5)
  14 centaur zombies
  A jelly (D:7)
  18 orc priests
  4 hounds
  A centaur skeleton (D:7)
  A bullfrog skeleton (D:6)
  Terence (D:2)
  2 iguanas (D:5)
  Ijyb (D:3)
  32 orc wizards
  A hell rat (Lair:4)
  4 centaur simulacra (D:9)
  A howler monkey zombie (D:11)
  9 adders
  A white imp (D:9)
  A howler monkey simulacrum (D:9)
  2 ufetubi
  An adder skeleton (D:4)
  A worm (D:4)
  3 dart slugs
  61 orcs
  4 ball pythons
  4 bats
  4 endoplasms
  9 giant cockroaches
  5 goblins
  7 hobgoblins
  10 jackals
  6 frilled lizards
  19 kobolds
  A rat (D:3)
687 creatures vanquished.

Vanquished Creatures (collateral kills)
  Kirke (Lair:5)
  An emperor scorpion (Spider:4)
  2 entropy weavers
  2 fire dragons
  2 hydras
  3 boulder beetles
  A two-headed ogre (Orc:2)
  A hell hog (Volcano)
  An orc knight (Orc:1)
  3 orb spiders
  10 wolf spiders
  An oklob plant (Lair:5)
  An orc sorcerer (Orc:1)
  3 elephants (Lair:3)
  3 black mambas (Lair:6)
  A torpor snail (Lair:6)
  3 molten gargoyles (Lair:6)
  4 rime drakes
  4 cane toads
  4 demonic crawlers
  2 komodo dragons
  7 jumping spiders
  4 trolls
  3 hornets
  5 blink frogs
  A dream sheep (Lair:6)
  A wyvern (Lair:6)
  3 wraiths (Lair:4)
  12 redbacks
  2 tarantellas (Spider:4)
  A fire bat (Volcano)
  3 hogs (Lair:5)
  7 yaks
  A steam dragon (Volcano)
  4 basilisks
  A warg (Orc:1)
  2 water moccasins
  A hell hound (Lair:6)
  8 orc warriors
  2 centaurs
  2 wolves
  3 wights (D:10)
  2 lava snakes (Lair:6)
  2 orc priests (Orc:2)
  2 orc wizards (Orc:2)
  3 hell rats (Lair:4)
  5 orcs
140 creatures vanquished.

Vanquished Creatures (others)
  A dancing weapon (D:11)
  3 ball lightnings (Spider:1)
  42 fungi
  41 plants
87 creatures vanquished.

Grand Total: 914 creatures vanquished

Notes
Turn   | Place    | Note
-------+----------+-------------------------------------------
     0 | D:1      | ChaosChampion the Deep Elf Conjurer began the quest for the
                  | Orb.
     0 | D:1      | Reached XP level 1. HP: 10/10 MP: 6/6
   306 | D:1      | Reached XP level 2. HP: 15/15 MP: 6/8
   332 | D:1      | Found Vimmock's Armour Shop.
  1244 | D:1      | Learned a level 2 spell: Searing Ray
  1277 | D:2      | Reached skill level 4 in Spellcasting
  1319 | D:2      | Reached XP level 3. HP: 19/19 MP: 6/10
  1506 | D:2      | Found a radiant altar of Vehumet.
  1519 | D:2      | Became a worshipper of Vehumet
  1735 | D:2      | Found Deifolin's Antique Armour Shop.
  1915 | D:2      | Found a faded altar of an unknown god.
  2120 | D:2      | Noticed Terence
  2243 | D:3      | Reached skill level 5 in Spellcasting
  2243 | D:3      | Reached skill level 5 in Conjurations
  2243 | D:3      | Reached XP level 4. HP: 24/24 MP: 3/13
  2245 | D:3      | Reached * piety under Vehumet
  2245 | D:3      | Offered knowledge of Freeze by Vehumet.
  2277 | D:3      | Learned a level 1 spell: Slow
  2383 | D:3      | Learned a level 4 spell: Iskenderun's Mystic Blast
  2584 | D:3      | Noticed Ijyb
  2974 | D:4      | Gained mutation: You are partially covered in iridescent
                  | scales. (AC +2) [potion of mutation]
  2974 | D:4      | Gained mutation: You are weak. (Str -2) [potion of
                  | mutation]
  2974 | D:4      | Gained mutation: Your flesh is cold resistant. (rC+)
                  | [potion of mutation]
  2974 | D:4      | Gained mutation: Your mind is acute. (Int +2) [potion of
                  | mutation]
  3023 | D:2      | Killed Terence
  3192 | D:3      | Killed Ijyb
  3193 | D:3      | Reached skill level 6 in Spellcasting
  3193 | D:3      | Reached XP level 5. HP: 28/28 MP: 8/15
  3271 | D:4      | Found a staircase to the Ecumenical Temple.
  4243 | D:5      | Entered Level 5 of the Dungeon
  4262 | D:5      | Noticed Eustachio
  4269 | D:5      | Killed Eustachio
  4270 | D:5      | Reached skill level 7 in Spellcasting
  4270 | D:5      | Reached XP level 6. HP: 32/32 MP: 9/18
  4282 | D:5      | Reached skill level 1 in Hexes
  4390 | D:5      | Reached skill level 1 in Translocations
  4497 | D:5      | Noticed a water moccasin
  4505 | D:5      | Killed a water moccasin
  4506 | D:5      | Reached XP level 7. HP: 30/36 MP: 5/20
  4620 | D:5      | Reached skill level 8 in Spellcasting
  4765 | D:5      | Found a transporter.
  4768 | D:5      | Found a transporter.
  4770 | D:5      | Noticed ChaosChampion's ghost (novice DECj)
  4777 | D:5      | Offered knowledge of Static Discharge by Vehumet.
  4941 | D:5      | Reached ** piety under Vehumet
  5251 | D:6      | Reached XP level 8. HP: 32/41 MP: 15/22
  5473 | D:6      | Reached skill level 5 in Hexes
  6470 | D:7      | Reached skill level 5 in Translocations
  6602 | D:7      | Found Ysoemmio's Overcharged Wands.
  6651 | D:7      | Reached skill level 9 in Spellcasting
  6732 | D:7      | Learned a level 3 spell: Tukima's Dance
  6735 | D:7      | Learned a level 2 spell: Blink
  6786 | D:7      | Offered knowledge of Inner Flame by Vehumet.
  6829 | D:7      | Learned a level 3 spell: Stone Arrow
  6984 | D:7      | Reached XP level 9. HP: 45/45 MP: 16/24
  7663 | D:8      | Reached *** piety under Vehumet
  7691 | D:7      | Reached skill level 1 in Earth Magic
  7844 | D:8      | Found a broken altar of Ashenzari.
  8146 | D:8      | Reached skill level 10 in Spellcasting
  8825 | D:9      | Identified the +9 trident of Doom {vorpal, Contam rC+ rN+}
  8960 | D:9      | Offered knowledge of Flame Wave by Vehumet.
  8967 | D:9      | Learned a level 4 spell: Flame Wave
  9118 | D:9      | Found a runed translucent gate.
  9118 | D:9      | Found a runed translucent gate.
  9118 | D:9      | Found a runed translucent gate.
  9119 | D:9      | Noticed Dwachs's ghost (novice FoFi)
  9151 | D:9      | Killed Dwachs's ghost
  9152 | D:9      | Reached XP level 10. HP: 24/50 MP: 22/26
  9527 | D:9      | Noticed a two-headed ogre
  9531 | D:9      | Killed a two-headed ogre
  9532 | D:9      | Reached skill level 1 in Shields
  9532 | D:9      | Reached skill level 11 in Spellcasting
  9760 | D:9      | Reached **** piety under Vehumet
  9965 | D:9      | Noticed Gastronok
 10155 | D:9      | Killed Gastronok
 10156 | D:9      | Reached skill level 5 in Earth Magic
 10317 | D:9      | Found a staircase to the Lair.
 10410 | D:10     | Entered Level 10 of the Dungeon
 10788 | D:10     | Noticed a gargoyle
 10797 | D:10     | Killed a gargoyle
 11578 | D:10     | Reached skill level 12 in Spellcasting
 11578 | D:10     | Reached skill level 10 in Conjurations
 11578 | D:10     | Reached XP level 11. HP: 54/54 MP: 29/29
 11623 | D:10     | Noticed a tengu warrior
 12020 | D:10     | Offered knowledge of Frozen Ramparts by Vehumet.
 12368 | D:10     | Killed a tengu warrior
 12721 | D:10     | Reached skill level 13 in Spellcasting
 12984 | D:11     | Found a basalt altar of Yredelemnul.
 12990 | D:11     | Reached skill level 5 in Shields
 13310 | D:11     | Noticed 1994's ghost (journeyman TeNe)
 13314 | D:11     | Noticed a red ugly thing
 13318 | D:11     | Killed a red ugly thing
 13333 | D:11     | Reached XP level 12. HP: 59/59 MP: 20/31
 13341 | D:11     | Found a transporter.
 13472 | D:11     | Found a transporter.
 13475 | D:11     | Noticed Erica
 13508 | D:11     | Noticed a two-headed ogre
 13511 | D:11     | Killed a two-headed ogre
 13797 | D:11     | Noticed Erolcha
 13802 | D:11     | Noticed a two-headed ogre
 13805 | D:11     | Killed Erolcha
 13813 | D:11     | Killed a two-headed ogre
 13814 | D:11     | Reached skill level 10 in Earth Magic
 13985 | D:11     | Killed Erica
 14024 | D:11     | Reached ***** piety under Vehumet
 14027 | D:11     | Offered knowledge of Lightning Bolt by Vehumet.
 14034 | D:11     | Killed 1994's ghost
 14058 | D:11     | Learned a level 5 spell: Lightning Bolt
 14067 | D:11     | Learned a level 8 spell: Lehudib's Crystal Spear
 14558 | D:11     | Reached skill level 1 in Air Magic
 15112 | D:12     | Found a large runed translucent door.
 15112 | D:12     | Found a large runed translucent door.
 15114 | D:12     | Noticed crabbyslav's ghost (journeyman OgCA)
 15474 | D:12     | Noticed a two-headed ogre
 15481 | D:12     | Killed a two-headed ogre
 15544 | D:12     | Noticed a two-headed ogre
 15546 | D:12     | Noticed a boulder beetle
 15557 | D:12     | Killed a boulder beetle
 15573 | D:12     | Identified a scroll of acquirement
 15573 | D:12     | Acquired the +3 warlock's mirror {reflect}
 15573 | D:12     | Found the +3 warlock's mirror {reflect}
 15669 | D:12     | Killed a two-headed ogre
 15671 | D:12     | Noticed a boulder beetle
 15683 | D:12     | Killed a boulder beetle
 16165 | D:12     | Killed crabbyslav's ghost
 16166 | D:12     | Reached skill level 10 in Translocations
 16413 | D:12     | Identified the ring "Mysmesko" {Fire Int+5}
 16484 | D:12     | Found a staircase to the Orcish Mines.
 16983 | Lair:1   | Entered Level 1 of the Lair of Beasts
 17030 | Lair:1   | Reached XP level 13. HP: 62/63 MP: 32/32
 17112 | Lair:1   | Learned a level 7 spell: Spellforged Servitor
 17317 | Lair:1   | Reached skill level 5 in Air Magic
 17644 | Lair:1   | Noticed Nergalle
 17649 | Lair:1   | Killed Nergalle
 19134 | Lair:2   | Found a dark tunnel.
 19148 | Volcano  | Entered a volcano
 19164 | Volcano  | Noticed a fire dragon
 19179 | Volcano  | Killed a fire dragon
 20295 | Lair:3   | Found a runed translucent gate.
 20297 | Lair:3   | Found a runed translucent gate.
 20297 | Lair:3   | Found a runed translucent gate.
 20299 | Lair:3   | Noticed Behiugoeme's ghost (journeyman DECj)
 20429 | Lair:3   | Reached skill level 14 in Spellcasting
 20834 | Lair:3   | Killed Behiugoeme's ghost
 20846 | Lair:3   | Got the Papyrus of Destructive Evil
 20941 | Lair:3   | Offered knowledge of Ozocubu's Refrigeration by Vehumet.
 21135 | Lair:3   | Reached XP level 14. HP: 63/68 MP: 5/34
 21395 | Lair:3   | Reached skill level 15 in Spellcasting
 22253 | Lair:4   | Reached skill level 1 in Summonings
 22283 | Lair:4   | Noticed Josephine
 22289 | Lair:4   | Killed Josephine
 22885 | Lair:4   | Found a hole to the Spider Nest.
 22891 | Lair:4   | Found a staircase to the Swamp.
 23383 | Lair:5   | Noticed Kirke
 24359 | Lair:5   | Killed Kirke
 24821 | Lair:6   | Entered Level 6 of the Lair of Beasts
 24912 | Lair:6   | Offered knowledge of Lee's Rapid Deconstruction by Vehumet.
 25210 | Lair:6   | Identified the +5 broad axe "Asiysat" {pain, rCorr}
 25242 | Lair:6   | Reached skill level 5 in Summonings
 25680 | Lair:6   | Reached skill level 16 in Spellcasting
 25799 | Lair:6   | Found a viscous altar of Jiyva.
 25799 | Lair:6   | Found a staircase to the Slime Pits.
 26124 | Lair:6   | Learned a level 5 spell: Iskenderun's Battlesphere
 26421 | Lair:6   | Found a large runed translucent door.
 26421 | Lair:6   | Found a large runed translucent door.
 26439 | Lair:6   | Found the +10 Black Knight's barding {ponderous, rPois rN+}
 27251 | Orc:1    | Entered Level 1 of the Orcish Mines
 27481 | Orc:2    | Entered Level 2 of the Orcish Mines
 27487 | Orc:2    | Reached XP level 15. HP: 72/72 MP: 37/37
 27490 | Orc:2    | Found a staircase to the Elven Halls.
 27530 | Orc:2    | Noticed Urug
 27536 | Orc:2    | Killed Urug
 27862 | Orc:2    | Offered knowledge of Conjure Ball Lightning by Vehumet.
 28019 | Orc:2    | Noticed Donald
 28022 | Orc:2    | Killed Donald
 28071 | Orc:2    | Found Topierim's Weapon Emporium.
 28071 | Orc:2    | Found Iwkois Buic's Assorted Antiques.
 28078 | Orc:2    | Found Nahus's Assorted Antiques.
 28091 | Orc:2    | Found Yxkigh's Assorted Antiques.
 28253 | Orc:2    | Noticed Nessos
 28258 | Orc:2    | Killed Nessos
 29769 | Spider:1 | Entered Level 1 of the Spider Nest
 30140 | Spider:1 | Reached skill level 17 in Spellcasting
 30140 | Spider:1 | HP: 2/72 [disintegration (52)]
 30636 | Spider:1 | Learned a level 6 spell: Iron Shot
 30643 | Spider:1 | Learned a level 6 spell: Conjure Ball Lightning
 33026 | Spider:2 | Identified the +5 quarterstaff "Jetram" {antimagic, rC+
                  | Dex+2}
 33312 | Spider:2 | Reached skill level 15 in Conjurations
 33786 | Spider:3 | Reached skill level 18 in Spellcasting
 33793 | Spider:3 | Offered knowledge of Orb of Destruction by Vehumet.
 34227 | Spider:3 | Reached XP level 16. HP: 35/76 MP: 23/40
 34277 | Spider:4 | Entered Level 4 of the Spider Nest
 34648 | Spider:3 | Identified the +2 rapier of Karma {vorpal, Str-3 Dex+6}
 34891 | Spider:3 | Reached skill level 15 in Earth Magic
 35057 | Spider:4 | Noticed Bai Suzhen
 35062 | Spider:4 | Killed Bai Suzhen
 35640 | Spider:4 | Offered knowledge of Freezing Cloud by Vehumet.
 35671 | Spider:4 | Reached skill level 19 in Spellcasting
 36196 | Spider:4 | Lost strength.
 36198 | Spider:4 | HP: 2/76 [something (3)]
 36198 | Spider:4 | Slain by a ghost moth

Illustrated notes

Levels and vault maps discovered:
D:1:      amcnicky_arrival_choice, layout_loops_corners, serial_shops, shop
D:2:      layout_loops_ring, shapermc_ecumenical_altar_totnotflames,
          basic_altar, serial_shops, nicolae_shop_window_shopping,
          minmay_misc_feat_rows, minmay_worlds_worst_comb, uniq_terence
D:3:      layout_rooms, minmay_misc_feat_more_columns, uniq_ijyb
D:4:      layout_loops_corners, minmay_temple_entry_butterflies
D:5:      layout_basic, gammafunk_ghost_mausoleum, uniq_eustachio
D:6:      layout_gridville, kennysheep_cross_room
D:7:      layout_rooms, amethyst_killhole, nicolae_shop_overcharged_wands
D:8:      layout_rooms, lemuel_crystal_altar, kennysheep_generic_room_8
D:9:      layout_basic, lair_entry_dummy, gammafunk_ghost_icy, uniq_gastronok
D:10:     layout_layer_cave, minmay_pinched_square
D:11:     layout_irregular_city, gammafunk_ghost_hive,
          nicolae_yredelemnul_corpse_copse, uniq_erolcha, uniq_erica
D:12:     minmay_cornered_nines, layout_gridville, ebering_ghost_disaster_area
D:13:     thingy_vault, layout_cave_pools, grunt_vaults_entry_tiered, uniq_sonja
Lair:1:   layout_loops_ring, special_room [special_room_bee],
          serial_bayou_shore_b, infiniplex_staircase_pool_2, grunt_megastairs_1,
          uniq_nergalle
Lair:2:   layout_regular_city, nicolae_volcano_entry_hallway,
          beast_lair_carwin_4
Lair:3:   layout_cave_pods, gammafunk_ghost_split, minmay_stone_trees_small,
          grunt_megastairs_3
Lair:4:   layout_regular_city, swamp_mist, spider_nest_entry_web_field,
          infiniplex_staircase_pool, uniq_josephine
Lair:5:   layout_regular_city, minivault_19, lemuel_fruit_fields,
          grunt_megastairs_4, serial_bayou_shore_b, uniq_kirke
Lair:6:   cheibrodos_lair_end_hotspot, layout_gridlike, slime_altar_1,
          chequers_serial_rivers_micro_a, st_stairs_10,
          mumra_transporter_accident
Spider:1: layout_chambers
Spider:2: layout_chambers, nicolae_spider_nook
Spider:3: nicolae_spider_mines_2, nicolae_spider_some_kinda_spiderbox
Spider:4: guppyfry_spider_rune, drop_trap, uniq_bai_suzhen
Orc:1:    layout_caves, mines1_david
Orc:2:    st_orc_mages, layout_caves, nicolae_orc_bridge_out, uniq_donald,
          uniq_nessos, uniq_urug

Skill      XL: |  1  2  3  4  5  6  7  8  9 10 11 12 13 14 15 16 |
---------------+-------------------------------------------------+-----
Spellcasting   | 4 5 6 7 8 9 10 12 13 14 16 18 19 | 19.3
Conjurations   | 5 6 7 8 10 12 13 15 16 | 16.3
Hexes          | 2 4 7 8 |  8.0
Translocations | 1 3 5 7 8 10 12 13 14 | 14.0
Earth Magic    | 3 6 8 11 12 14 15 | 15.7
Shields        | 3 5 8 |  8.0
Air Magic      | 4 6 |  6.0
Summonings     | 6 |  6.0
Dodging        | |  2.6
Stealth        | |  2.7

Action                   |  1- 3 |  4- 6 |  7- 9 | 10-12 | 13-15 | 16-18 || total
-------------------------+-------+-------+-------+-------+-------+-------++-------
Melee: Trident           |       |       |     1 |     6 |     4 |     2 ||    13
 Cast: Magic Dart        |    83 |    48 |    94 |    34 |   181 |    46 ||   486
       Searing Ray       |     6 |    22 |    39 |       |       |       ||    67
       Iskenderun's Myst |       |     2 |    19 |    85 |   109 |    21 ||   236
       Slow              |       |     1 |     1 |     1 |       |       ||     3
       Tukima's Dance    |       |       |    15 |    12 |     1 |       ||    28
       Stone Arrow       |       |       |    60 |   178 |   353 |       ||   591
       Flame Wave        |       |       |     1 |     1 |       |       ||     2
       Lightning Bolt    |       |       |       |     5 |    42 |       ||    47
       Spellforged Servi |       |       |       |       |    68 |     8 ||    76
       Iskenderun's Batt |       |       |       |       |    39 |     9 ||    48
       Lehudib's Crystal |       |       |       |       |    10 |     1 ||    11
       Iron Shot         |       |       |       |       |    45 |    43 ||    88
       Conjure Ball Ligh |       |       |       |       |     1 |       ||     1
  Use: Scroll            |       |     5 |     3 |    16 |     8 |     8 ||    40
       Potion            |       |     1 |     2 |     2 |     4 |       ||     9
Armor: Robe              |     5 |       |       |     5 |    50 |     3 ||    63
       Leather armour    |       |       |    19 |    21 |       |       ||    40
       Skin              |       |       |       |       |       |    12 ||    12
Dodge: Dodged            |    16 |     5 |    30 |    23 |    61 |    18 ||   153
Block: Other             |       |       |     2 |     1 |       |       ||     3
       Reflection        |       |       |     1 |     4 |    19 |       ||    24
       Kite shield       |       |       |       |    57 |       |       ||    57
       Buckler           |       |       |       |     3 |   129 |    33 ||   165

Table legend: (Time is in decaauts)
 A = Elapsed time spent in this place.
 B = Non-inter-level travel time spent in this place.
 C = Inter-level travel time spent in this place.
 D = Time resting spent in this place.
 E = Time spent auto-exploring this place.
 F = Levels seen in this place.
 G = Mean time per level.
                   A        B        C        D        E       F      G
               +--------+--------+--------+--------+--------+-----+--------+
         Total |  37619 |  35758 |   1861 |   7733 |  20785 |  26 | 1446.9 |
       Dungeon |  17920 |  16504 |   1416 |   2956 |  10485 |  13 | 1378.5 |
          Lair |  10765 |  10390 |    375 |   2581 |   5825 |   6 | 1794.2 |
   Spider Nest |   6005 |   5982 |     23 |   1357 |   3219 |   4 | 1501.2 |
  Orcish Mines |   2445 |   2398 |     47 |    679 |   1066 |   2 | 1222.5 |
       Volcano |    483 |    483 |      0 |    160 |    189 |   1 |  483.0 |
               +--------+--------+--------+--------+--------+-----+--------+

Top non-repeatable levels by time:
  Lair:4: 2344 daAuts
    D:11: 2324 daAuts
     D:9: 2319 daAuts
    D:10: 2212 daAuts
  Lair:6: 2067 daAuts
  Lair:3: 2037 daAuts
Spider:1: 1860 daAuts
Spider:2: 1747 daAuts
  Lair:1: 1736 daAuts
    D:12: 1689 daAuts
   Orc:2: 1639 daAuts
     D:6: 1460 daAuts
  Lair:5: 1456 daAuts
     D:1: 1272 daAuts
Spider:4: 1241 daAuts
